 Dungeon Crawl Stone Soup version 0.26-a0-863-g3bff4b215c (webtiles) character file.

Game seed: 6714395396892122810

368 tinescath the Skirmisher (level 6, 0/88 HPs)
             Began as a Palentonga Fighter on Nov 26, 2020.
             Slain by an orc wizard
             ... wielding a +0 dagger
              (1 damage)
             ... on level 4 of the Dungeon.
             The game lasted 00:05:33 (4482 turns).

tinescath the Skirmisher (Palentonga Fighter)       Turns: 4482, Time: 00:05:34

Health: 0/88       AC: 23    Str: 21    XL:     6   Next: 41%
Magic:  6/6        EV:  1    Int:  4    God:
Gold:   163        SH: 10    Dex: 10    Spells: 5/5 levels left

rFire    + . .     SeeInvis +   a - +0 war axe
rCold    x . .     Faith    .   c - +1 kite shield
rNeg     + + +     Spirit   .   (armour currently unavailable)
rPois    +         Reflect  .   (helmet currently unavailable)
rElec    .         Harm     .   (cloak currently unavailable)
rCorr    .         Rampage  .   (gloves currently unavailable)
MR       .....     NoTele   +   (no barding)
Stlth    +.........             (no amulet)
HPRegen  0.24/turn              h - ring of fire
MPRegen  0.10/turn              u - -4 ring of intelligence

@: mighty, lethally poisoned (0 -> -2), tree-form
A: large, rugged brown scales 3, see invisible
a: no special abilities


You were on level 4 of the Dungeon.
You were a tree.
You visited 1 branch of the dungeon, and saw 4 of its levels.

You collected 163 gold pieces.

Inventory:

Hand Weapons
 a - a +0 war axe (weapon)
Missiles
 g - 180 stones
 j - 4 javelins (quivered)
 k - 18 poisoned darts
 p - 42 arrows
 q - 21 bolts
Armour
 b - a +0 scale mail (melded)
 c - a +1 kite shield (worn)
Jewellery
 h - a ring of fire (left branch)
 u - a -4 ring of intelligence (right branch)
Wands
 r - a wand of flame (21)
Scrolls
 f - a scroll of fog {unknown}
 i - 4 scrolls of identify
 l - a scroll of enchant armour
 m - 3 scrolls of teleportation
 o - a scroll of fear {unknown}
 s - a scroll of remove curse
Potions
 d - a potion of might
 e - 3 potions of flight
 n - a potion of lignification


   Skills:
 + Level 5.2 Fighting
 + Level 4.4 Axes
 - Level 2.7 Armour
 - Level 1.0 Dodging
 - Level 0.5 Stealth
 - Level 2.6 Shields


You had 5 spell levels left.
You didn't know any spells.
Your spell library was empty.

Dungeon Overview and Level Annotations

Branches:
Dungeon (4/15)
 Temple: D:4-7

Altars:


Innate Abilities, Weirdness & Mutations

(You are completely covered in rugged brown scales. (AC +3, +7% HP))
You have supernaturally acute eyesight. (SInv)
((Armour fits poorly on your strangely shaped body.))
((You can roll at nearby foes to attack.))
((You have a long armoured tail.))


Message History

You block the orc's attack.
You slash the orc priest!
The orc priest is almost dead.
You slash the orc!
You kill the orc!
* * * LOW HITPOINT WARNING * * *
You feel sick.
You closely miss the orc wizard. You hit the orc priest.
You kill the orc priest!
The orc wizard hits you but does no damage. x2
You closely miss the orc wizard.
* * * LOW HITPOINT WARNING * * *
You feel sick.
The orc wizard hits you but does no damage.
You block the orc wizard's attack.
You barely miss the orc wizard.
* * * LOW HITPOINT WARNING * * *
You feel sick.
The orc wizard hits you with a +0 dagger.
You die...

##########
##♣##.....#
#.)o#.....#
......#.......## #
#####...#......##...
##.##...........
#.#.((†........
#.#...)........
#.#............
#.##o..........


You could see an orc wizard (fast).

Vanquished Creatures
  2 scorpions (D:4)
  An orc priest (D:4)
  A worker ant (D:4)
  4 adders
  6 gnolls
  An ooze (D:1)
  5 worms
  3 dart slugs
  5 leopard geckos
  7 orcs
  10 bats
  4 giant cockroaches
  4 goblins
  9 hobgoblins
  6 jackals
  5 kobolds
  3 quokkas
  2 ball pythons
  6 frilled lizards
  9 rats
93 creatures vanquished.

Notes
Turn   | Place    | Note
-------+----------+-------------------------------------------
     0 | D:1      | tinescath the Palentonga Fighter began the quest for the
                  | Orb.
     0 | D:1      | Reached XP level 1. HP: 20/20 MP: 1/1
   152 | D:1      | Reached XP level 2. HP: 22/27 MP: 2/2
   848 | D:1      | Reached XP level 3. HP: 33/33 MP: 3/3
  1841 | D:2      | Reached skill level 1 in Dodging
  1841 | D:2      | Reached XP level 4. HP: 39/40 MP: 4/4
  2100 | D:2      | Reached skill level 4 in Fighting
  2979 | D:3      | Reached XP level 5. HP: 35/49 MP: 5/5
  3088 | D:3      | Found a transporter.
  3105 | D:3      | Found a transporter.
  4459 | D:4      | Reached skill level 5 in Fighting
  4459 | D:4      | Reached XP level 6. HP: 40/59 MP: 6/6
  4477 | D:4      | HP: 4/88 [poisoned by a scorpion]
  4482 | D:4      | HP: 1/88 [poisoned by a scorpion]
  4482 | D:4      | Slain by an orc wizard

Illustrated notes

Levels and vault maps discovered:
D:1:      beargit_arrival_greenhouse, layout_basic, serial_rivers,
          chequers_serial_rivers_micro_d, chequers_serial_rivers_micro_b,
          chequers_serial_rivers_marsh, chequers_serial_rivers_room_a,
          chequers_serial_rivers_room_a
D:2:      layout_basic
D:3:      gammafunk_wand_slinger, layout_loops_ring
D:4:      layout_rooms, gammafunk_ghost_grave, st_stairs_2,
          minmay_misc_feat_tower, makhleb_blood_cavern_becter

Skill      XL: |  1  2  3  4  5 |
---------------+----------------+-----
Dodging        | 1 |  1.0
Fighting       | 4 5 |  5.2
Axes           | 3 4 |  4.4
Armour         | |  2.7
Stealth        | |  0.5
Shields        | |  2.6

Action                   |  1- 3 |  4- 6 || total
-------------------------+-------+-------++-------
Melee: War axe           |    83 |   192 ||   275
       Tailslap          |     8 |    22 ||    30
Throw: Javelin           |     1 |       ||     1
 Abil: Rolling Charge    |     4 |     3 ||     7
  Use: Scroll            |       |     4 ||     4
       Potion            |       |     3 ||     3
Armor: Scale mail        |    46 |    85 ||   131
       Skin              |       |     4 ||     4
Dodge: Dodged            |    18 |    36 ||    54
Block: Kite shield       |    31 |   109 ||   140

Table legend: (Time is in decaauts)
 A = Elapsed time spent in this place.
 B = Non-inter-level travel time spent in this place.
 C = Inter-level travel time spent in this place.
 D = Time resting spent in this place.
 E = Time spent auto-exploring this place.
 F = Levels seen in this place.
 G = Mean time per level.
                   A        B        C        D        E       F      G
               +--------+--------+--------+--------+--------+-----+--------+
         Total |   4605 |   4555 |     50 |   1371 |   2415 |   4 | 1151.2 |
       Dungeon |   4605 |   4555 |     50 |   1371 |   2415 |   4 | 1151.2 |
               +--------+--------+--------+--------+--------+-----+--------+

Top non-repeatable levels by time:
     D:2: 1679 daAuts
     D:3: 1211 daAuts
     D:1: 1184 daAuts
     D:4: 529 daAuts
